cohdb
Replays
Latest Replays
All Replays
Popular Replays
Top Player Replays
Match Explorer
How It Works
Community
CoH3 Stats
Reddit
Sign in to upload your games and track your stats! →
Sign in with Steam
Match 45951628
Unlisted
Match 45951628
Overview
Messages
Build Orders
End
250 Light Carrier
Selects Panzerjäger Kommand Battlegroup
Selects Mine Fields
Panzergrenadier Squad
Panzergrenadier Squad
Construct Light Support Kompanie
Selects GrB 39 Grenade Launcher Requisition
MG34 Team
2.5-tonne Medical Truck
Combat Half-tracks
Fire Support Elements
le.IG 18 Mechanized Group
Construct Mechanized Kompanie
StuG III D Assault Gun
Selects Defensive Positions
Pak 38 Mechanized Group
254 Reconnaissance Tractor
Marder III Tank Destroyer
Emergency Repair Kits
Vehicle Survival Package
Panzergrenadier Squad
Pak 38 Mechanized Group
Pak 38 Anti-tank Gun Team
MG34 Team
AI Takeover
Hudson
Kyle
vio
cituas
dinamix.fr
seb
叮Wuhan咚Virus鸡
letitan666
0
0
Comments
sign in to comment!
No comments posted yet!